 Dungeon Crawl Stone Soup version 0.24.0-37-gcf1ca852f1 (webtiles) character file.

Game seed: 1618567746655348553, levelgen mode: deterministic

75 grindst0ne the Sneak (level 4, -1/42 HPs)
             Began as a Naga Warper on Nov 28, 2019.
             Slain by an adder (4 damage)
             ... on level 3 of the Dungeon.
             The game lasted 00:04:18 (1183 turns).

grindst0ne the Sneak (Naga Warper)                  Turns: 1183, Time: 00:04:19

Health: -1/42      AC:  2    Str: 12 (13) XL:     4   Next: 31%
Magic:  4/7        EV:  9    Int: 12 (13) God:
Gold:   77         SH:  0    Dex: 11 (12) Spells: 3/7 levels left

rFire    . . .     SeeInvis +   g - +1 short sword (drain)
rCold    . . .     Gourm    .   (no shield)
rNeg     . . .     Faith    .   b - +0 leather armour
rPois    +         Spirit   .   (no helmet)
rElec    .         Reflect  .   (no cloak)
rCorr    .         Harm     .   (no gloves)
MR       .....                  (no barding)
Stlth    ++........             (no amulet)
HPRegen  0.14/turn              (no ring)
MPRegen  0.10/turn              (no ring)

@: lethally poisoned (-1 -> -2), short of breath, very slow
A: large, see invisible, deformed body, poison resistance, slowness 2, slow
metabolism 1, spit poison 1, AC +1
a: Spit Poison


You were on level 3 of the Dungeon.
You were not hungry.

You visited 1 branch of the dungeon, and saw 3 of its levels.

You collected 77 gold pieces.

Inventory:

Hand Weapons
 a - a +0 hand axe
 e - a +0 dagger of speed
 g - a +1 short sword of draining (weapon)
Armour
 b - a +0 leather armour (worn)
Jewellery
 c - a cursed -4 ring of protection {unknown}
Scrolls
 d - a scroll of blinking
 h - a scroll of noise {unknown}
 i - 2 scrolls of identify {unknown}
 l - a scroll of remove curse {unknown}
 m - a scroll of enchant weapon {unknown}
 n - a scroll of immolation {unknown}
Comestibles
 f - 2 rations
 j - 6 chunks of flesh


   Skills:
 + Level 3.4 Fighting
 - Level 2.3 Axes
 - Level 0.8 Throwing
 - Level 0.7 Armour
 - Level 1.5 Dodging
 + Level 3.7 Stealth
 - Level 2.0 Spellcasting
 - Level 3.0 Translocations


You had 3 spell levels left.
You knew the following spells:

 Your Spells              Type           Power        Failure   Level  Hunger
a - Blink                 Tloc           N/A          16%         2    ###....
b - Shroud of Golubria    Chrm/Tloc      #.....       28%         2    ###....

Your spell library contained the following spells:

 Spells                   Type           Power        Failure   Level  Hunger
 Gell's Gravitas          Tloc           #.........   30%         3    ####...
 Lesser Beckoning         Tloc           #.........   30%         3    ####...
 Teleport Other           Tloc           #.......     30%         3    ####...
 Passage of Golubria      Tloc           N/A          69%         4    #####..


Dungeon Overview and Level Annotations

Branches:
Dungeon (3/15)

Altars:
The Shining One

Annotations:
D:2 Natasha


Innate Abilities, Weirdness & Mutations

You cannot wear boots.
Your serpentine skin is tough. (AC +1)
You have supernaturally acute eyesight. (SInv)
Armour fits poorly on your strangely shaped body.
Your system is resistant to poisons. (rPois)
You cover ground very slowly.
You have a slow metabolism.
You can spit poison.


Message History

The adder is almost dead.
You feel slightly more hungry. The adder bites you but does no damage.
The rat bites you.
You miss the adder.
The adder is almost dead.
The adder bites you.
* * * LOW HITPOINT WARNING * * *
You are poisoned.
The adder poisons you! The adder bites you.
* * * LOW HITPOINT WARNING * * *
The rat barely misses you. The adder bites you.
* * * LOW HITPOINT WARNING * * *
The adder barely misses you.
It was a potion of degeneration.
There was something very wrong with that liquid.
You feel weakened.
You feel dopey.
You feel clumsy.
You feel sick. The rat bites you.
* * * LOW HITPOINT WARNING * * *
The adder bites you.
You die...

.. ... # #...
.## #... # ...
#..#
#.##.#####...#
.........)..#
......SrS#
.......@##
........#
........#
........#
.........
########. . ##


You could see 2 adders and a rat.

Vanquished Creatures
  3 adders
  An ooze (D:1)
  2 dart slugs (D:1)
  A leopard gecko (D:1)
  A giant cockroach (D:2)
  4 hobgoblins
  5 jackals
  6 kobolds
  A ball python (D:1)
  6 bats
  A frilled lizard (D:1)
  3 goblins (D:1)
  3 rats (D:1)
37 creatures vanquished.

Notes
Turn   | Place    | Note
-------+----------+-------------------------------------------
     0 | D:1      | grindst0ne the Naga Warper began the quest for the Orb.
     0 | D:1      | Reached XP level 1. HP: 19/19 MP: 3/3
   215 | D:1      | Reached XP level 2. HP: 27/27 MP: 5/5
   256 | D:1      | Found a glowing golden altar of the Shining One.
   312 | D:1      | Reached skill level 1 in Stealth
   540 | D:1      | Reached XP level 3. HP: 33/33 MP: 6/6
   742 | D:1      | Learned a level 2 spell: Blink
  1122 | D:2      | Reached XP level 4. HP: 41/42 MP: 7/7
  1141 | D:2      | Learned a level 2 spell: Shroud of Golubria
  1161 | D:2      | Noticed Natasha
  1183 | D:3      | Slain by an adder

Levels and vault maps discovered:
D:1:      sevenhm_arrival_forest_fort_large_4, layout_basic, tso_altar
D:2:      layout_rooms, marbit_many_paths, uniq_crazy_yiuf_cottage,
          uniq_natasha, uniq_terence
D:3:      layout_rooms, doesnt_xom_only_xom, nicolae_overflow_quartered_altars,
          bloody_trog, grunt_qazlal_clouds, solitary_fountain

Skill      XL: |  1  2  3 |
---------------+----------+-----
Stealth        | 2 3 |  3.7
Fighting       | 3 |  3.4
Axes           | |  2.3
Throwing       | |  0.8
Armour         | |  0.7
Dodging        | |  1.5
Spellcasting   | |  2.0
Translocations | |  3.0

Action                   |  1- 3 |  4- 6 || total
-------------------------+-------+-------++-------
Melee: Hand axe          |    12 |       ||    12
       Short sword       |    48 |    12 ||    60
Throw: Boomerang         |     5 |       ||     5
 Cast: Blink             |       |     2 ||     2
 Abil: Spit Poison       |    10 |     4 ||    14
  Use: Potion            |       |     1 ||     1
 Stab: Sleeping          |     2 |       ||     2
  Eat: Chunk             |     1 |       ||     1
Armor: Leather armour    |    16 |     5 ||    21
Dodge: Dodged            |    38 |    16 ||    54
